 Dungeon Crawl Stone Soup version 0.29-a0-323-g050149af67 (webtiles) character file.

Game seed: 10767777788242853683

109 spaghetti the Sneak (level 4, -4/31 HPs)
             Began as an Octopode Delver on Apr 10, 2022.
             Killed by divine providence
             ... invoked by an orc priest
              (15 damage)
             ... on level 6 of the Dungeon.
             The game lasted 00:01:27 (334 turns).

spaghetti the Sneak (Octopode Delver)                Turns: 334, Time: 00:01:28

Health: -4/31      AC:  1    Str: 11    XL:     4   Next: 89%
Magic:  4/4        EV: 13    Int: 12    God:
Gold:   33         SH:  0    Dex: 15    Spells: 3/3 levels left

rFire   . . .      SeeInvis .   k - +2 quarterstaff (spect) {staff}
rCold   . . .      Faith    .   (shield currently unavailable)
rNeg    . . .      Spirit   .   (helmet restricted)
rPois   .          Reflect  .   (no amulet)
rElec   .          Harm     .   (no ring)
rCorr   .          Rampage  .   (no ring)
Will    .....                   (no ring)
Stlth   ++++......              (no ring)
HPRegen 0.10/turn               (no ring)
MPRegen 0.09/turn               (no ring)
                                (no ring)
                                (no ring)

@: no status effects
A: almost no armour, amphibious, 8 rings, camouflage 1, gelatinous body 1,
(nimble swimmer 1), tentacles
a: no special abilities


You were on level 6 of the Dungeon.
You visited 1 branch of the dungeon, and saw 2 of its levels.

You collected 33 gold pieces.


Innate Abilities, Weirdness & Mutations

You cannot wear most types of armour.
You are amphibious.
You can wear up to eight rings at the same time.
Your skin changes colour to match your surroundings (Stealth+).
Your rubbery body absorbs attacks. (AC +1, EV +1)
((You are camouflaged when in or above water. (Stealth+)))
You have tentacles for arms and can constrict up to eight enemies at once.


   Skills:
 - Level 3.0 Fighting
 - Level 2.0 Long Blades
 + Level 4.2 Staves
 - Level 2.0 Dodging
 - Level 6.7 Stealth


You had 3 spell levels left.
You didn't know any spells.
Your spell library was empty.

Inventory:

Hand Weapons
 a - a +0 falchion {long}
 h - a +1 dagger of holy wrath {short}
   (You found it on level 5 of the Dungeon)
 k - a +2 spectral quarterstaff (weapon) {staff}
   (You found it on level 6 of the Dungeon)
Wands
 f - a wand of digging (3)
Scrolls
 b - a scroll of fog
 c - a scroll of magic mapping {!r}
Potions
 e - a potion of haste {@q3}
 g - a potion of curing {unknown}
 i - a potion of lignification {unknown}
 j - 2 potions of mutation {unknown}
 l - 2 potions of berserk rage {unknown}

Dungeon Overview and Level Annotations

Branches:
Dungeon (6/15)
 Temple: D:4-7

Altars:

Annotations:
D:5 exclusion: hound
D:6 exclusion: jelly

# ..# ##o
#.##########
#.###.#.#.........
#ยง.oo.#.#.........
#
#@###.#...........
...
##...##.#.........
#...##โ€
##..#.........
#..................
#.####..##.........
# ##.##.........
#.##......... #โ€
########### ..#


You could see an orc warrior (fleeing), an orc priest and an orc (fleeing).


Message History

There is a stone staircase leading up here.
Unknown command.
Unknown command.
You now have 33 gold pieces (gained 18).
i - a bubbling sapphire potion A bullfrog comes into view.
The bullfrog moves out of view.
A jelly comes into view.
A jelly is nearby!
Press: ? - help, v - describe, . - travel
Here: a jelly (asleep)
The floor.
Placed new exclusion.
You open the door.
There is an open door here.
j - 2 fizzy orange potions A sky beast comes into view.
k - a +2 spectral quarterstaff {staff}
There are no items here.
You feel a bond with your +2 spectral quarterstaff {staff}.
k - a +2 spectral quarterstaff (weapon)
{staff} Unknown command.
A sky beast is nearby!
A sky beast is nearby!
An iguana comes into view.
You see here 2 fizzy inky potions.
The sky beast hits you but does no damage.
You closely miss the sky beast.
Your +2 spectral quarterstaff {staff} barely misses the sky beast.
The sky beast barely misses you.
You sock the sky beast!
Your +2 spectral quarterstaff {staff} hits the sky beast!
The sky beast hits you. The sky beast shocks you.
The sky beast hits you but does no damage. ๐Ÿ˜ฎ HP[-7]
You take 7 damage, and now have 9/16 hp.
MASSIVE DAMAGE!! (PAUSE) Unknown command.
You sock the sky beast!
You kill the sky beast!
Your Staves skill gained 3 levels and is now at level 3!
You have reached level 2!
You have reached level 3!
Your experience leads to an increase in your attributes!
Increase (S)trength, (I)ntelligence, or (D)exterity?
You feel agile. x2
You have reached level 4! ๐Ÿ˜ฎ HP[+9] MP[+3]
You now have 31 max hp (+15).
You regained 9 hp, and now have 18/31 hp.
Your mp is fully restored (4).
You start resting. ๐Ÿ˜Ž HP[+13]
Your hp is fully restored (31).
An iguana is nearby!
An iguana is nearby!
An iguana is nearby!
The helpless iguana fails to defend itself.
You sock the iguana!
You kill the iguana!
Your Staves skill increases to level 4!
No target in view!
No target in view!
No target in view!
No target in view!
No target in view!
No target in view!
No target in view!
Unknown command.
l - 2 fizzy inky potions You see here a sky beast corpse.
An orc warrior and an orc come into view.
There are monsters nearby!
The helpless orc warrior fails to defend itself.
You hit the orc warrior but do no damage.
Your grab misses the orc warrior.
Your +2 spectral quarterstaff {staff} hits the orc warrior!
The orc warrior misses you.
You closely miss the orc warrior. You grab the orc warrior.
Your +2 spectral quarterstaff {staff} hits the orc warrior!
You constrict the orc warrior, but do no damage.
The orc shouts!
You hear a shout! x2
The orc warrior hits you with a +0 trident!!
Ouch! That really hurt!
* * * LOW HITPOINT WARNING * * *
An orc priest comes into view. It is wielding a +0 mace.
You hear a shout! ๐Ÿ˜จ HP[-20]
You take 20 damage, and now have 11/31 hp.
MASSIVE DAMAGE!! (PAUSE)
Okay, then.
As you read the scroll of fear, it crumbles to dust.
You assume a fearsome visage.
The orc priest resists with some effort.
The orc warrior looks frightened!
The orc looks frightened!
You constrict the orc warrior, but do no damage.
The orc warrior escapes!
The orc priest mumbles some strange prayers to Beogh against you.
Beogh smites you!
You die...

Skill      XL: |  1  2  3  4 |
---------------+-------------+-----
Staves         | 3 4 |  4.2
Fighting       | |  3.0
Long Blades    | |  2.0
Dodging        | |  2.0
Stealth        | |  6.7

Action                   |  1- 3 |  4- 6 || total
-------------------------+-------+-------++-------
Melee: Quarterstaff      |     3 |     3 ||     6
       Falchion          |     1 |       ||     1
       Constrict         |       |     1 ||     1
  Use: Scroll            |       |     1 ||     1
 Stab: Sleeping          |     1 |     2 ||     3
Armor: Skin              |     2 |       ||     2
Dodge: Dodged            |     1 |     1 ||     2

Levels and vault maps discovered:
D:5:      layout_loops_corners
D:6:      layout_basic, chequers_big_river, minmay_checkerbox

Notes
Turn   | Place    | Note
-------+----------+-------------------------------------------
     0 | D:5      | spaghetti the Octopode Delver began the quest for the Orb.
     0 | D:5      | Reached XP level 1. HP: 16/16 MP: 1/1
     0 | D:5      | magus.rc [v1.9.6]
    24 | D:5      | Noticed a hound
   150 | D:6      | Noticed a bullfrog
   151 | D:6      | Noticed a jelly
   174 | D:6      | Noticed a sky beast
   180 | D:6      | Noticed an iguana
   186 | D:6      | Killed a sky beast
   187 | D:6      | Reached skill level 3 in Staves
   187 | D:6      | Reached XP level 2. HP: 12/21 MP: 2/2
   187 | D:6      | Reached XP level 3. HP: 15/26 MP: 3/3
   187 | D:6      | Reached XP level 4. HP: 18/31 MP: 4/4
   322 | D:6      | Reached skill level 4 in Staves
   331 | D:6      | Noticed an orc warrior
   334 | D:6      | Killed from afar by an orc priest

Vanquished Creatures
  A sky beast (D:6)
  An iguana (D:6)
  A quokka (D:5)
3 creatures vanquished.

Vanquished Creatures (others)
  13 plants (D:6)
13 creatures vanquished.

Grand Total: 16 creatures vanquished

Table legend:
 A = Non-vault XP
 B = Vault XP
 C = Vault XP percentage of total XP
 D = Non-vault monster count
 E = Vault monster count
 F = Vault count percentage of total count
                 A         B        C        D         E       F
            +---------+---------+-------+---------+---------+-------
      Total |      37 |     119 |  76.3 |       2 |       1 |  33.3
            +---------+---------+-------+---------+---------+-------
        D:5 |       2 |       0 |   0.0 |       1 |       0 |   0.0
        D:6 |      35 |     119 |  77.3 |       1 |       1 |  50.0
            +---------+---------+-------+---------+---------+-------

Illustrated notes

Table legend:
 A = Kills in this place as a percentage of kills in entire the game.
 B = Kills by you in this place as a percentage of kills by you in the entire game.
 C = Kills by friends in this place as a percentage of kills by friends in the entire game.
 D = Other kills in this place as a percentage of other kills in the entire game.
 E = Experience gained in this place as a percentage of experience gained in the entire game.
 F = Experience gained in this place divided by the number of levels of this place that you have seen.
                   A       B       C       D       E      F
               +-------+-------+-------+-------+-------+----------------------
         Total | 100.0 | 100.0 |   N/A |   N/A | 100.0 |  78.0
       Dungeon | 100.0 | 100.0 |   N/A |   N/A | 100.0 |  78.0
               +-------+-------+-------+-------+-------+----------------------

Table legend: (Time is in decaauts)
 A = Elapsed time spent in this place.
 B = Non-inter-level travel time spent in this place.
 C = Inter-level travel time spent in this place.
 D = Time resting spent in this place.
 E = Time spent auto-exploring this place.
 F = Levels seen in this place.
 G = Mean time per level.
                   A        B        C        D        E       F      G
               +--------+--------+--------+--------+--------+-----+--------+
         Total |    333 |    315 |     18 |    130 |    140 |   2 |  166.5 |
       Dungeon |    333 |    315 |     18 |    130 |    140 |   2 |  166.5 |
               +--------+--------+--------+--------+--------+-----+--------+

Top non-repeatable levels by time:
     D:6: 214 daAuts
     D:5: 119 daAuts
